 Dungeon Crawl Stone Soup version 0.17.1-1-g73c8601 (webtiles) character file.

137519 PossumBlood the Hoplite (level 16, -10/150 HPs)
             Began as a Minotaur Fighter on Dec 23, 2015.
             Was the Champion of Okawaru.
             Hit by a tomahawk thrown by a merfolk (15 damage)
             ... on level 2 of the Shoals.
             The game lasted 02:08:11 (30733 turns).

PossumBlood the Hoplite (Minotaur Fighter)         Turns: 30733, Time: 02:08:13

Health: -10/150    AC:  0    Str: 26    XL:     16   Next: 69%
Magic:  0/15       EV: 13    Int:  5    God:    Okawaru [******]
Gold:   1550       SH:  0    Dex: 12    Spells: 0 memorised, 15 levels left

rFire  . . .     SeeInvis .     (weapon currently unavailable)
rCold  . . .     Clarity  .     (armour currently unavailable)
rNeg   . . .     SustAt   .     (shield currently unavailable)
rPois  .         Gourm    .     (helmet currently unavailable)
rElec  .         Spirit   +     (cloak currently unavailable)
rCorr  .         Warding  .     (gloves currently unavailable)
rMut   .         Stasis   .     (boots currently unavailable)
MR     +....                    t - amulet of guardian spirit
Stlth  +.........               (ring currently unavailable)
                                (ring currently unavailable)

@: pig-form, engulfed (cannot breathe), manticore barbs, very quick, somewhat
resistant to hostile enchantments, very unstealthy
A: (retaliatory headbutt), (horns 0), rugged brown scales 1, (cold resistance 0)
a: Heroism, Finesse, Renounce Religion


You were on level 2 of the Shoals.
You worshipped Okawaru.
Okawaru was exalted by your worship.
You were not hungry.
You were a filthy swine.
You visited 5 branches of the dungeon, and saw 30 of its levels.
You also visited: Volcano.

You collected 3228 gold pieces.
You spent 1678 gold pieces at shops.

Inventory:

Hand Weapons
 a - a +9 long sword of flaming
 b - the +10 long sword "Qawot" (melded) {venom, rPois Str+3 Int+3}
   (You bought it in a shop on level 13 of the Dungeon)

   It poisons the flesh of those it strikes.
   It affects your strength (+3).
   It affects your intelligence (+3).
   It protects you from poison.
 c - the +9 double sword of Piud {slice, rF+ Int+3 Stlth+}
   (Okawaru gifted it to you on level 1 of the Lair of Beasts)

   It inflicts extra damage upon your enemies.
   It affects your intelligence (+3).
   It protects you from fire.
   It makes you more stealthy.
 z - a +2 demon blade of venom
 S - a +4 vampiric great sword
Missiles
 n - 82 tomahawks (quivered)
Armour
 i - a +1 large shield of positive energy (melded)
 l - a +7 plate armour (melded)
 o - a +0 pair of boots (melded)
 w - the +0 hat of Okawaru's Envy (melded) {rPois Int+4 Dex+3}
   (Okawaru gifted it to you on level 13 of the Dungeon)

   It affects your intelligence (+4).
   It affects your dexterity (+3).
   It protects you from poison.
 C - a +0 cloak (melded)
 G - a +2 hat of fire resistance
 W - the +5 pair of gloves of Laniow (melded) {rF- Dex+3}
   (Okawaru gifted it to you on level 13 of the Dungeon)

   It affects your dexterity (+3).
   It makes you vulnerable to fire.
Jewellery
 f - an uncursed amulet of resist corrosion
 m - an uncursed ring of positive energy
 t - an amulet of guardian spirit (around neck)
 F - an uncursed ring of ice
 H - a +5 ring of protection (melded)
 L - an uncursed ring of teleportation
 N - an uncursed ring of see invisible
 U - a +3 ring of strength (melded)
 V - an uncursed amulet of rage
Wands
 I - a wand of hasting (6)
Scrolls
 g - 3 scrolls of fog
 p - 3 scrolls of magic mapping
 s - 10 scrolls of remove curse
 y - 4 scrolls of blinking
 B - 4 scrolls of recharging
 E - 13 scrolls of identify
 J - 3 scrolls of teleportation
 R - a scroll of brand weapon
 T - a scroll of amnesia
 Y - 8 scrolls of fear
Potions
 h - 3 potions of invisibility
 j - 5 potions of agility
 k - 4 potions of flight
 q - a potion of brilliance
 u - 4 potions of resistance
 v - a potion of cure mutation
 x - 3 potions of lignification
 A - 7 potions of curing
 M - 3 potions of ambrosia
 O - a potion of berserk rage
Miscellaneous
 P - a box of beasts
 Q - a disc of storms
Comestibles
 d - 4 slices of pizza
 e - 4 bread rations
 r - 6 meat rations


   Skills:
 - Level 14.0 Fighting
 - Level 14.4 Long Blades
 - Level 16.0 Armour
 * Level 23.2 Shields


You had 15 spell levels left.
You didn't know any spells.

Dungeon Overview and Level Annotations

Branches:
Dungeon (15/15)            Temple (1/1) D:5            Lair (8/8) D:9
 Shoals (2/4) Lair:6       Spider (0/4) Lair:5        Slime (0/6) Lair:6
    Orc (4/4) D:10            Elf (0/3) Orc:4        Vaults (0/5) D:13
 Depths (0/5) D:15

Altars:
Ashenzari
Cheibriados
Dithmenos
Elyvilon
Fedhas
Gozag
Kikubaaqudgha
Makhleb
Nemelex Xobeh
Okawaru
Qazlal
Ru
Sif Muna
Vehumet
Xom
Yredelemnul
Zin
The Shining One
Beogh
Jiyva

Shops:
D:4 !   D:12 [   D:13 (   D:15 ?*=   Orc:1 }   Orc:3 !   Orc:4 [*(%*

Portals:
Trove: D:10 (give 2 potions of cure mutation)

Annotations:
Shoals:2 Kirke


Innate Abilities, Weirdness & Mutations

((You reflexively headbutt those who attack you in melee.))
((You have a pair of horns on your head.))
(You are partially covered in rugged brown scales (AC +1, +3% HP).)
((Your flesh is cold resistant.))


Message History

* * * LOW HITPOINT WARNING * * *
The merfolk throws a tomahawk.
The tomahawk closely misses you.
Read which item? (? for menu, Esc to quit)
You cannot read scrolls while unable to breathe!
Read which item? (? for menu, Esc to quit)
Okay, then.
Drink which item? (? for menu, Esc to quit)
You feel better.
* * * LOW HITPOINT WARNING * * *
Your lungs strain for air!
The faun seems to regain its courage.
The water nymph seems to regain her courage.
The merfolk impaler hits you from afar with a demon trident of pain!!
* * * LOW HITPOINT WARNING * * *
You writhe in agony.
* * * LOW HITPOINT WARNING * * *
The water elemental hits you!
* * * LOW HITPOINT WARNING * * *
The merfolk throws a tomahawk.
The tomahawk hits you!
You die...

≈≈≈.. #....≈≈≈≈≈≈≈≈≈
≈P≈≈≈≈≈..###.....≈≈≈≈≈≈≈≈
≈≈≈≈≈≈≈...#......<.≈≈≈≈≈≈
≈≈≈≈≈≈≈≈.........()≈)≈≈≈≈
≈c≈C≈≈≈≈≈.....##.#).≈≈≈≈≈
≈≈≈c≈Cc.....######..≈≈≈≈≈
≈.≈t≈C.###....###..≈≈≈≈≈≈
≈≈≈≈≈.H####........≈≈≈≈≈≈
≈≈≈≈≈≈mEh##..)....≈≈≈≈≈≈≈
≈≈≈≈≈≈...##^###..≈≈≈≈≈≈≈≈
≈≈≈.≈≈≈.....###.≈≈≈≈≈≈≈≈≈
≈c.≈≈≈≈≈.≈m.....≈≈≈≈≈≈≈≈≈
.#h≈≈≈≈≈≈≈≈...≈)..≈≈≈≈≈≈≈
#m.≈≈..≈≈≈≈≈≈≈.≈≈≈≈≈≈≈≈≈
##H...#.≈≈≈≈≈≈≈≈≈≈≈≈≈≈≈
######...h≈≈≈≈≈≈≈≈≈≈≈≈
#....≈≈≈≈≈≈≈≈≈≈≈≈≈


You could see a stone giant, a merfolk impaler, a snapping turtle (roused), a
merfolk (roused), 3 fauns, a water nymph (roused), 2 manticores, a cyclops
(roused), a water elemental and 2 hogs.

Vanquished Creatures
  Nikola (Shoals:1)
  Rupert (Lair:3)
  Gastronok (Lair:3)
  Louise (D:15)
  An orc warlord (Orc:3)
  A dire elephant (Lair:8)
  Snorg (Lair:7)
  A vault guard (D:13)
  Josephine (Lair:4)
  A fire dragon (Lair:8)
  7 hydras
  Harold (Lair:1)
  4 centaur warriors
  A merfolk avatar (Shoals:1)
  3 ogre magi
  A merfolk aquamancer (Shoals:1)
  A deep troll shaman (Lair:8)
  2 catoblepae
  10 death yaks
  2 tengu warriors (D:13)
  A titan zombie (D:15)
  An orc high priest (Orc:3)
  Nergalle (Lair:1)
  2 fire crabs (Lair:8)
  7 sea snakes
  2 skeletal warriors (D:15)
  The ghost of Clownie the Ruffian, a novice FoCK of Ru (D:6)
  2 deep trolls (Orc:4)
  4 unseen horrors
  A flayed ghost (D:15)
  The ghost of Andry07 the Fighter, a novice HuFi (D:4)
  An ugly thing (D:12)
  11 hill giants
  3 orc knights
  2 wolf spiders
  5 harpies
  2 orc sorcerers
  A necromancer (D:15)
  2 fauns (Shoals:2)
  3 griffons
  A water nymph (Shoals:1)
  A wizard (D:13)
  A toenail golem (Volcano)
  8 manticores
  5 cyclopes
  6 sirens
  21 elephants
  A molten gargoyle (Volcano)
  A black mamba (shapeshifter) (D:13)
  5 black mambas
  4 gargoyles
  A spriggan zombie (D:15)
  12 spiny frogs
  9 komodo dragons
  15 trolls
  10 two-headed ogres
  A freezing wraith (D:15)
  A spriggan druid (Lair:5)
  An entropy weaver zombie (D:15)
  A kobold demonologist (D:13)
  4 fire drakes
  11 merfolk
  2 polar bears (Lair:5)
  2 wind drakes (Shoals:1)
  Prince Ribbit (D:5)
  3 snapping turtles (Shoals:1)
  18 blink frogs
  A spriggan (D:9)
  2 trapdoor spiders
  An ettin skeleton (D:15)
  6 wraiths
  3 shadows
  4 water elementals
  A deep elf mage (D:13)
  15 hippogriffs
  3 basilisks (Lair:8)
  A vampire mosquito (D:13)
  8 wyverns
  A deep elf fighter (D:15)
  67 yaks
  3 hogs (Shoals:2)
  2 fire elementals (Volcano)
  A basilisk (shapeshifter) (D:15)
  21 wolves
  Menkaure (D:5)
  A mottled dragon (D:13)
  2 hungry ghosts
  13 porcupines
  2 hell hounds (Lair:8)
  14 water moccasins
  A soldier ant (D:14)
  A sky beast (D:15)
  6 phantoms
  5 ice beasts
  4 black bears
  30 ogres
  31 orc warriors
  8 centaurs
  A wasp (D:15)
  A brain worm (Lair:7)
  15 crocodiles
  20 giant frogs
  A big kobold (D:9)
  16 killer bees
  A scorpion (D:7)
  23 wights
  A lava snake (Lair:4)
  3 electric eels
  A wasp zombie (D:12)
  2 giant frog zombies
  2 crimson imps
  6 jellies
  5 centaur skeletons
  Crazy Yiuf (D:6)
  27 orc priests
  A quasit (D:5)
  8 centaur zombies
  7 hounds
  A giant frog skeleton (D:9)
  8 iguanas
  45 orc wizards
  5 worker ants
  A killer bee zombie (D:10)
  5 sheep (Lair:5)
  A hound zombie (D:11)
  A worker ant zombie (D:8)
  9 adders
  75 river rats
  5 shadow imps
  5 oozes
  An adder skeleton (D:8)
  An adder zombie (D:5)
  2 worms (D:2)
  3 giant geckos
  207 orcs
  A giant cockroach (D:2)
  10 goblins
  15 hobgoblins
  17 kobolds
  5 quokkas
  3 ball pythons
  2 bats
  2 giant gecko skeletons
  8 giant newts
  13 jackals
  A quokka skeleton (D:7)
  4 rats
  A bush (D:14)
  A fire vortex (Volcano)
  8 fungi
  3 plants
1111 creatures vanquished.

Vanquished Creatures (others)
  An orc wizard (Orc:3)
  A giant gecko (D:4)
  A fire vortex (Lair:4)
  4 fungi
  11 plants
18 creatures vanquished.

Grand Total: 1129 creatures vanquished

Notes
Turn   | Place    | Note
--------------------------------------------------------------
     0 | D:1      | PossumBlood the Minotaur Fighter began the quest for the Orb.
     0 | D:1      | Reached XP level 1. HP: 19/19 MP: 0/0
    54 | D:1      | Reached XP level 2. HP: 24/26 MP: 1/1
   323 | D:1      | Reached skill level 4 in Long Blades
   420 | D:1      | Reached XP level 3. HP: 31/31 MP: 2/2
   543 | D:2      | Found a sparkling altar of Nemelex Xobeh.
   813 | D:2      | Reached skill level 5 in Long Blades
   822 | D:2      | Reached XP level 4. HP: 21/39 MP: 3/3
   966 | D:2      | Found an ancient bone altar of Kikubaaqudgha.
  1152 | D:3      | Reached skill level 6 in Long Blades
  1338 | D:3      | Reached XP level 5. HP: 45/45 MP: 4/4
  1416 | D:3      | Reached skill level 7 in Long Blades
  2302 | D:4      | Found a basalt altar of Yredelemnul.
  2395 | D:4      | Reached XP level 6. HP: 51/51 MP: 5/5
  2439 | D:4      | Found a glowing golden altar of the Shining One.
  2456 | D:4      | Noticed Andry07's ghost (novice HuFi)
  2470 | D:4      | Killed Andry07's ghost
  2470 | D:4      | Reached skill level 10 in Long Blades
  2470 | D:4      | Reached XP level 7. HP: 57/57 MP: 6/6
  2642 | D:4      | Found a stormy altar of Qazlal.
  2658 | D:4      | Noticed a phantom
  2659 | D:4      | Noticed a phantom
  2693 | D:4      | Killed a phantom
  2701 | D:4      | Killed a phantom
  2707 | D:4      | Got a crystal dagger
  2738 | D:4      | Identified the +5 dagger "Newt's Demise" {antimagic, rN+ Int+5 Dex-3} (You found it on level 4 of the Dungeon)
  2815 | D:4      | Found Nafen's Distillery.
  2818 | D:4      | Bought a potion of heal wounds for 65 gold pieces
  2818 | D:4      | Bought a potion of curing for 39 gold pieces
  2818 | D:4      | Bought a potion of curing for 39 gold pieces
  2818 | D:4      | Bought a potion of heal wounds for 65 gold pieces
  2917 | D:5      | Entered Level 5 of the Dungeon
  2969 | D:5      | Noticed Prince Ribbit
  2974 | D:5      | Reached skill level 11 in Long Blades
  3065 | D:5      | Reached XP level 8. HP: 64/64 MP: 7/7
  3088 | D:5      | Found a staircase to the Ecumenical Temple.
  3238 | D:5      | Killed Prince Ribbit
  3381 | D:5      | Reached skill level 12 in Long Blades
  3405 | D:5      | Gained mutation: You are partially covered in rugged brown scales (AC +1, +3% HP). [potion of beneficial mutation]
  3573 | D:5      | Noticed Menkaure
  3581 | D:5      | Killed Menkaure
  4111 | D:6      | Reached skill level 13 in Long Blades
  4194 | D:6      | Noticed Crazy Yiuf
  4198 | D:6      | Killed Crazy Yiuf
  4376 | D:6      | Noticed Clownie's ghost (novice FoCK)
  4415 | D:6      | Killed Clownie's ghost
  4415 | D:6      | Reached skill level 14 in Long Blades
  4415 | D:6      | Reached XP level 9. HP: 70/72 MP: 8/8
  4978 | Temple   | Entered the Ecumenical Temple
  5042 | Temple   | Became a worshipper of Warmaster Okawaru
  5376 | D:7      | Reached skill level 5 in Fighting
  5949 | D:7      | Found a white marble altar of Elyvilon.
  6093 | D:8      | Reached * piety under Okawaru
  6279 | D:8      | Found a deep blue altar of Sif Muna.
  6679 | D:8      | Reached XP level 10. HP: 91/93 MP: 9/9
  7218 | D:9      | Reached ** piety under Okawaru
  7225 | D:9      | Found a staircase to the Lair.
  7296 | D:9      | Reached skill level 10 in Fighting
  8496 | D:9      | Reached *** piety under Okawaru
  8541 | D:10     | Entered Level 10 of the Dungeon
  8922 | D:10     | Found a portal to a secret trove of treasure.
  9105 | D:10     | Found a staircase to the Orcish Mines.
  9268 | D:10     | Killed an unseen horror
  9268 | D:10     | Reached XP level 11. HP: 65/111 MP: 10/10
  9543 | D:11     | Reached **** piety under Okawaru
 10017 | D:11     | Found a glowing golden altar of the Shining One.
 10106 | D:11     | Reached skill level 5 in Armour
 11241 | D:12     | Reached ***** piety under Okawaru
 11585 | D:12     | Killed an unseen horror
 11585 | D:12     | Reached skill level 10 in Armour
 11889 | D:12     | Found Kuiny's Antique Armour Emporium.
 11889 | D:12     | Noticed a hill giant
 11897 | D:12     | Killed a hill giant
 12486 | D:12     | Noticed a hill giant
 12493 | D:12     | Killed a hill giant
 12623 | D:13     | Noticed a centaur warrior
 12625 | D:13     | Noticed a hill giant
 12633 | D:13     | Killed a centaur warrior
 12639 | D:13     | Killed a hill giant
 12639 | D:13     | Reached XP level 12. HP: 75/120 MP: 11/11
 13139 | D:13     | Noticed a hill giant
 13146 | D:13     | Noticed a vault guard
 13148 | D:13     | Killed a hill giant
 13148 | D:13     | Received a gift from Okawaru
 13167 | D:13     | Killed a vault guard
 13168 | D:13     | Got a pair of ichor-stained gloves {god gift}
 13179 | D:13     | Identified the +5 pair of gloves of Laniow {rF- Dex+3} (Okawaru gifted it to you on level 13 of the Dungeon)
 13340 | D:13     | Found a gate to the Vaults.
 13496 | D:13     | Noticed a hill giant
 13503 | D:13     | Killed a hill giant
 13514 | D:13     | Noticed a centaur warrior
 13526 | D:13     | Killed a centaur warrior
 13848 | D:13     | Noticed a six-headed hydra
 13863 | D:13     | Killed a one-headed hydra
 13874 | D:13     | Reached skill level 15 in Armour
 14405 | D:13     | Noticed a centaur warrior
 14411 | D:13     | Killed a centaur warrior
 14436 | D:13     | Found Idim's Antique Weapon Shoppe.
 14458 | D:13     | Bought a fine long sword for 238 gold pieces
 14458 | D:13     | Identified the +10 long sword "Qawot" {venom, rPois Str+3 Int+3} (You bought it in a shop on level 13 of the Dungeon)
 14560 | D:13     | Reached ****** piety under Okawaru
 14566 | D:13     | Reached skill level 16 in Armour
 14737 | D:13     | Received a gift from Okawaru
 14745 | D:13     | Got a translucent hat {god gift}
 14751 | D:13     | Identified the +0 hat of Okawaru's Envy {rPois Int+4 Dex+3} (Okawaru gifted it to you on level 13 of the Dungeon)
 14784 | D:14     | Noticed an ogre mage
 14788 | D:14     | Reached XP level 13. HP: 127/127 MP: 12/12
 14805 | D:14     | Killed an ogre mage
 14805 | D:14     | Reached skill level 5 in Shields
 15142 | D:14     | Found a radiant altar of Vehumet.
 15279 | D:15     | Entered Level 15 of the Dungeon
 15463 | D:15     | Found a staircase to the Depths.
 15506 | D:15     | Reached skill level 10 in Shields
 15786 | D:15     | Found Cozxadgh's Magic Scroll Shop.
 15795 | D:15     | Bought a scroll of enchant armour for 120 gold pieces
 15795 | D:15     | Bought a scroll of enchant weapon for 120 gold pieces
 15795 | D:15     | Bought a scroll of enchant weapon for 120 gold pieces
 15795 | D:15     | Bought a scroll of teleportation for 48 gold pieces
 15935 | D:15     | Found Qeqem's General Store.
 15958 | D:15     | Noticed Louise
 15970 | D:15     | Killed Louise
 16121 | D:15     | Found a shadowy altar of Dithmenos.
 16134 | D:15     | Found Rimayrias's Jewellery Shop.
 16325 | D:15     | Received a gift from Okawaru
 16721 | Orc:1    | Entered Level 1 of the Orcish Mines
 16891 | Orc:3    | Found Cezatai's Distillery.
 16900 | Orc:3    | Bought 2 potions of curing for 96 gold pieces
 17465 | Orc:3    | Noticed an orc warlord
 17496 | Orc:3    | Killed an orc warlord
 17658 | Orc:3    | Reached XP level 14. HP: 104/135 MP: 13/13
 18084 | Orc:4    | Entered Level 4 of the Orcish Mines
 18250 | Orc:4    | Found a radiant altar of Vehumet.
 18270 | Orc:4    | Found Bobbumia's Food Boutique.
 18271 | Orc:4    | Found Comoul's Assorted Antiques.
 18368 | Orc:4    | Reached skill level 15 in Shields
 18649 | Orc:4    | Found Ybuscheng's General Store.
 18650 | Orc:4    | Found Ehiamof's Weapon Shop.
 18664 | Orc:4    | Bought 2 scrolls of enchant weapon for 465 gold pieces
 18731 | Orc:4    | Found Xeaweadi's Armour Emporium.
 18920 | Orc:4    | Found a staircase to the Elven Halls.
 19126 | Orc:4    | Bought a scroll of enchant armour for 232 gold pieces
 19373 | Orc:4    | Bought a scroll labeled OFUSHR PEUSMAGA for 31 gold pieces
 20167 | Orc:1    | Found Veuz's Gadget Boutique.
 20392 | Orc:2    | Found a roughly hewn altar of Beogh.
 21276 | Lair:1   | Entered Level 1 of the Lair of Beasts
 21276 | Lair:1   | Noticed Nergalle
 21277 | Lair:1   | Received a gift from Okawaru
 21278 | Lair:1   | Got a faintly glowing double sword {god gift}
 21294 | Lair:1   | Killed Nergalle
 21311 | Lair:1   | Identified the +9 double sword of Piud {slice, rF+ Int+3 Stlth+} (Okawaru gifted it to you on level 1 of the Lair of Beasts)
 21326 | Lair:1   | Noticed Harold
 21334 | Lair:1   | Killed Harold
 21471 | Lair:1   | Found a dark tunnel.
 21480 | Volcano  | Entered a volcano
 22547 | Lair:2   | Reached skill level 17 in Shields
 23367 | Lair:3   | Noticed Gastronok
 23382 | Lair:3   | Killed Gastronok
 23738 | Lair:3   | Received a gift from Okawaru
 23918 | Lair:3   | Noticed Rupert
 23932 | Lair:3   | Killed Rupert
 23932 | Lair:3   | Reached skill level 18 in Shields
 23932 | Lair:3   | Reached XP level 15. HP: 142/142 MP: 14/14
 24733 | Lair:4   | Noticed Josephine
 24749 | Lair:4   | Killed Josephine
 24749 | Lair:4   | Received a gift from Okawaru
 25227 | Lair:5   | Reached skill level 19 in Shields
 25484 | Lair:5   | Gained mutation: Your flesh is cold resistant. [potion of beneficial mutation]
 25485 | Lair:5   | Found a hole to the Spider Nest.
 26081 | Lair:6   | Found a staircase to the Shoals.
 26160 | Lair:6   | Reached skill level 20 in Shields
 26422 | Lair:6   | Found a runed door.
 26423 | Lair:6   | Found a viscous altar of Jiyva.
 26425 | Lair:6   | Found a staircase to the Slime Pits.
 26836 | Lair:7   | Noticed Snorg
 26859 | Lair:7   | Killed Snorg
 27093 | Lair:7   | Received a gift from Okawaru
 27633 | Lair:8   | Entered Level 8 of the Lair of Beasts
 27653 | Lair:8   | Reached skill level 21 in Shields
 27819 | Lair:8   | Reached XP level 16. HP: 144/150 MP: 15/15
 28545 | Lair:8   | HP: 5/150 [manticore (4)]
 28545 | Lair:8   | HP: 2/150 [manticore (2)]
 28551 | Lair:8   | Received a gift from Okawaru
 28559 | Lair:8   | Reached skill level 22 in Shields
 29093 | Lair:7   | You fall through a shaft!
 29403 | Shoals:1 | Entered Level 1 of the Shoals
 29404 | Shoals:1 | Noticed Nikola
 29432 | Shoals:1 | Killed Nikola
 30344 | Shoals:1 | Reached skill level 23 in Shields
 30692 | Shoals:2 | Noticed Kirke
 30733 | Shoals:2 | HP: 5/150 [water elemental (13)]
 30733 | Shoals:2 | Hit by a tomahawk thrown by a merfolk

Action                   |  1- 3 |  4- 6 |  7- 9 | 10-12 | 13-15 | 16-18 || total
-------------------------+-------+-------+-------+-------+-------+-------++-------
Melee: Long sword        |   120 |   144 |   361 |   617 |  1729 |   462 ||  3433
Throw: Tomahawk          |       |       |       |       |     7 |       ||     7
Invok: Heroism           |       |       |       |     1 |     4 |       ||     5
       Finesse           |       |       |       |     1 |     2 |       ||     3
  Use: Scroll            |     4 |     8 |    12 |     8 |    16 |     1 ||    49
       Potion            |       |     2 |     6 |       |     1 |     7 ||    16
 Stab: Sleeping          |       |     2 |     2 |     2 |       |       ||     6
       Petrified         |       |       |       |       |       |     3 ||     3
       Petrifying        |       |       |       |       |       |     1 ||     1
  Eat: Beef jerky        |       |     1 |     2 |       |     3 |     1 ||     7
       Bread ration      |       |     1 |     2 |     6 |     7 |       ||    16
       Royal jelly       |       |       |     1 |       |     1 |     1 ||     3
       Fruit             |       |       |       |     3 |     7 |       ||    10
       Meat ration       |       |       |       |       |       |     1 ||     1
       Chunk             |       |       |       |       |       |     1 ||     1
